AoeStats
← Karamazov

Arabian Desert

510822984Analyzed
1v1 RM · 5h ago on Oct 2, 2026· 45m 18s· 2 players
Game mode
Random Map
Map size
Tiny (2 player)
Population
200
Speed
Normal
Resources
Standard
Victory
Conquest
Starting age
Dark Age
Ending age
Imperial Age
RankedLock teamsTeams togetherTeam positionsShared explorationLock speedFull tech treeHidden civsTurbo modeCheats
Victory
Defeat
🇧🇷 Varangians · Brazil
1340
+15
🇷🇺 Magyars · Russia
1312
-15
serg
6:39 Loom
9:10 Feudal Age
9:36 Double-Bit Axe
10:06 Horse Collar
15:32 Town Watch
22:33 Castle Age
21:13 Bloodlines
22:00 Scale Barding Armor
22:54 Gold Mining
22:47 Light Cavalry
25:34 Bow Saw
25:37 Pikeman
28:09 Fletching
34:32 Wheelbarrow
35:14 Stone Mining
37:29 Scale Mail Armor
40:57 Hand Cart
42:53 Chain Mail Armor
Karamazov
5:49 Loom
8:33 Feudal Age
9:13 Double-Bit Axe
14:24 Bloodlines
22:12 Castle Age
21:13 Forging
21:39 Horse Collar
22:13 Light Cavalry
23:01 Scale Barding Armor
24:33 Bow Saw
27:00 Chain Barding Armor
32:48 Husbandry
34:52 Wheelbarrow
36:21 Heavy Plow
40:33 Imperial Age
40:20 Gold Mining
41:24 Iron Casting
41:53 Plate Barding Armor
40:43 Cavalier
42:13 Hand Cart
43:44 Blast Furnace
43:09 Conscription
42:44 Vendel Legacy
Connection lost

Rejoining the realm…

Still unreachable

The connection could not be restored.

Session expired

The server has moved on; the page needs a fresh start.